Map: Acid Plant LE

Players

Infamous

  • Race: Protoss Protoss
  • League: Gold
  • Spawn Location: 11:00

Typo - Winner!

  • Race: Zerg Zerg
  • League: Platinum
  • Spawn Location: 5:00

VOD

Have the link to the VOD?

Description

Time

  • Played on: April 21, 2018, 3:23 p.m.
  • Length: 15:07
Show
View Real Time Build Order
Export as new Build Order

Infamous Protoss 

Build Orders:  

Get SALT Encoding   

  12  0:01  Probe  
  13  0:14  Probe  
  14  0:19  Pylon  
  14  0:26  Probe  
  15  0:38  Probe  
  15  0:39  Gateway  
  16  0:46  Probe  
  16  0:55  Assimilator  
  17  1:01  Probe  
  18  1:13  Probe  
  19  1:22  Gateway  
  19  1:27  Cybernetics Core  
  19  1:29  Probe  
  20  1:43  Assimilator  
  20  1:46  Zealot  
  22  1:57  Probe  
  23  2:06  Nexus  
  23  2:22  Gateway  
  23  2:33  Warp Gate  
  23  2:35  Pylon  
  23  2:45  Adept  
  23  2:46  Pylon  
  23  2:53  Probe, Adept  
  28  3:09  Probe  
  28  3:11  Robotics Facility  
  29  3:17  Probe  
  30  3:27  Probe  
  31  3:36  Probe  
  31  3:40  Shield Battery  
  32  3:52  Probe x2  
  32  3:55  Sentry  
  34  4:04  Probe x2  
  38  4:26  Probe x2  
  38  4:28  Observer  
  36  4:38  Probe, Pylon  
  38  4:40  Probe  
  39  4:46  Immortal  
  39  4:49  Assimilator  
  39  4:50  Sentry, Stalker  
  39  4:52  Assimilator, Adept  
  49  4:56  Pylon  
  49  4:57  Probe x2  
  49  4:59  Pylon  
  51  5:03  Robotics Bay  
  51  5:09  Probe  
  51  5:10  Probe  
  53  5:36  Forge  
  53  5:44  Immortal, Forge  
  53  5:47  Zealot x3  
  63  5:55  Extended Thermal Lance  
  63  6:05  Probe x2  
  65  6:11  Zealot  
  65  6:12  Zealot x2  
  65  6:13  Stargate  
  65  6:17  Protoss Ground Weapons Level 1  
  71  6:18  Colossus  
  77  6:33  Protoss Ground Armor Level 1  
  77  6:42  Probe  
  78  7:05  Nexus  
  78  7:07  Pylon  
  78  7:09  Pylon  
  78  7:14  Colossus, Pylon  
  78  7:19  Phoenix  
  78  7:21  Pylon  
  86  7:36  Stalker x2  
  90  7:39  Probe x2  
  90  7:44  Sentry  
  94  7:49  Shield Battery  
  94  7:51  Shield Battery  
  94  7:52  Probe x2  
  96  8:11  Probe  
  97  8:21  Stalker x3  
  97  8:23  Probe x2  
  97  8:24  Probe  
  106  8:35  Probe  
  107  8:48  Twilight Council  
  107  8:50  Protoss Shields Level 1  
  107  8:51  Immortal  
  111  9:13  Void Ray  
  115  9:31  Observer  
  103  9:47  Colossus  
  89  9:56  Adept x2  
  89  9:57  Adept  
  83  10:03  Gateway  
  83  10:05  Gateway  
  83  10:06  Gateway  
  51  10:22  Stalker x2  
  51  10:23  Stalker  
  49  10:35  Colossus  
  48  11:17  Stalker x2  
  52  11:19  Pylon, Zealot  
  52  11:21  Pylon  
  54  11:31  Gateway  
  54  11:34  Probe x2, Gateway  
  54  11:35  Gateway  
  54  11:39  Assimilator  
  56  11:42  Assimilator  
  56  11:56  Adept x2  
  56  11:57  Adept x4  
  68  12:03  Probe  
  68  12:04  Probe  
  70  12:13  Nexus  
  70  12:18  Pylon  
  70  12:19  Zealot x4  
  70  12:20  Zealot x2  
  72  12:45  Zealot x4  
  72  12:46  Zealot x3  
  86  12:55  Pylon  
  86  12:59  Probe  
  86  13:00  Photon Cannon  
  87  13:27  Colossus  
  93  13:34  Void Ray  
  97  13:55  Probe x2, Templar Archives  
  99  14:09  Gateway  
  99  14:15  Stalker x2  
  103  14:17  Sentry x2  
  102  14:45  High Templar x5  
  66  14:53  Archon x2  
  66  14:58  Zealot x2  
Show
View Real Time Build Order
Export as new Build Order

Typo Zerg - Winner!

Build Orders: Pool First 

Get SALT Encoding   

  12  0:01  Drone  
  13  0:12  Overlord  
  13  0:17  Drone  
  14  0:37  Spawning Pool  
  14  0:40  Drone, Extractor  
  13  0:44  Drone  
  13  0:48  Drone  
  15  1:16  Hatchery  
  14  1:24  Drone  
  14  1:25  Drone  
  16  1:34  Drone  
  17  1:42  Metabolic Boost  
  17  1:45  Drone  
  18  1:49  Drone  
  19  1:57  Drone  
  20  2:04  Queen  
  22  2:30  Roach Warren  
  22  2:31  Queen  
  22  2:33  Drone x2  
  22  2:36  Drone  
  26  2:46  Lair  
  26  2:50  Drone  
  27  2:53  Drone  
  28  2:59  Extractor, Drone  
  28  3:03  Overlord  
  28  3:09  Overlord  
  28  3:54  Nydus Network  
  27  3:56  Drone x7  
  27  3:57  Hydralisk Den  
  27  4:00  Extractor  
  27  4:01  Extractor  
  27  4:02  Zergling x2  
  28  4:28  Hydralisk x2  
  32  4:40  Drone  
  32  4:45  Drone  
  34  4:47  Drone x6  
  40  5:01  Drone  
  40  5:02  Drone  
  42  5:12  Overseer  
  42  5:19  Hydralisk  
  42  5:21  Overlord  
  44  5:22  Overlord x2  
  44  5:23  Glial Reconstitution  
  44  5:26  Muscular Augments  
  44  5:52  Hydralisk x4  
  44  5:53  Hydralisk  
  54  6:12  Hydralisk x4  
  54  6:17  Hydralisk x2  
  66  6:27  Drone x2  
  66  6:29  Overlord  
  66  6:30  Overlord  
  68  6:44  Overlord  
  68  6:49  Hydralisk x4  
  68  6:53  Grooved Spines  
  76  7:04  Overseer  
  76  7:07  Hydralisk x2  
  80  7:26  Hydralisk, Burrow  
  80  7:27  Hydralisk  
  80  7:28  Overlord  
  80  7:29  Overlord  
  84  7:52  Roach x4  
  84  7:53  Roach x2  
  96  8:02  Overlord  
  96  8:03  Overlord x2  
  96  9:02  Hatchery  
  95  9:03  Nydus Canal  
  95  9:40  Hydralisk x10  
  108  9:47  Overlord x3  
  82  10:03  Roach x2  
  64  10:46  Hydralisk x5  
  64  10:47  Hydralisk  
  56  10:57  Drone x3  
  57  11:11  Drone x5  
  61  11:18  Overseer  
  62  11:41  Hydralisk x2  
  62  11:42  Hydralisk x4  
  62  11:43  Hydralisk  
  76  11:55  Hydralisk x5  
  86  12:05  Evolution Chamber  
  86  12:06  Hydralisk x3, Evolution Chamber  
  90  12:19  Roach x3  
  96  12:26  Hydralisk x5  
  106  12:30  Overseer  
  106  12:33  Overseer  
  104  12:45  Hydralisk x3  
  104  12:46  Hydralisk x3  
  104  12:50  Zerg Ground Armor Level 1, Zerg Missile Weapons Level 1  
  116  12:53  Hydralisk  
  116  12:54  Hydralisk x2  
  122  13:01  Pneumatized Carapace, Lurker Den  
  121  13:12  Hydralisk x4  
  129  13:22  Extractor, Drone x3  
  129  13:23  Extractor  
  130  13:29  Ravager x5  
  130  13:31  Roach  
  137  13:50  Drone  
  137  13:51  Overlord x3  
  138  14:09  Overlord  
  138  14:13  Lurker Den  
  138  14:14  Drone x5  
  138  14:15  Drone x2  
  131  14:44  Hatchery  
Tags
 
Add a new tag
Caveats
  • Supply blocks, unpowered buildings, or Contaminate may cause inaccurate times.
  • Supply counts are checked every 10 seconds.